 Dungeon Crawl Stone Soup version 0.21-a0-513-gdcb3f5e (webtiles) character file.

551 kibaces the Magician (level 7, 0/41 HPs)
             Began as an Octopode Fire Elementalist on Dec 2, 2017.
             Slain by a sky beast (3 damage)
             ... on level 5 of the Dungeon.
             The game lasted 00:29:49 (6704 turns).

kibaces the Magician (Octopode Fire Elementalist)   Turns: 6704, Time: 00:29:50

Health: 0/41       AC:  1    Str:  7    XL:     7   Next: 29%
Magic:  0/14       EV: 14    Int: 20    God:
Gold:   297        SH:  0    Dex: 12    Spells: 5/15 levels left

rFire    . . .     SeeInvis .   u - +1 dagger (elec)
rCold    . . .     Gourm    .   (no shield)
rNeg     . . .     Faith    .   (helmet restricted)
rPois    .         Spirit   .   (no amulet)
rElec    .         Reflect  .   j - ring of protection from magic
rCorr    .         Harm     .   (no ring)
MR       +....                  (no ring)
Stlth    +++.......             (no ring)
HPRegen  0.13/turn              (no ring)
MPRegen  0.14/turn              (no ring)
                                (no ring)
                                (no ring)

@: no status effects
A: almost no armour, stealthy swim, amphibious, 8 rings, constrict 8, camouflage
1, gelatinous body 1
a: no special abilities


You were on level 5 of the Dungeon.
You were very hungry.

You visited 1 branch of the dungeon, and saw 5 of its levels.

You collected 297 gold pieces.

Inventory:

Hand Weapons
 u - a +1 dagger of electrocution (weapon)
Jewellery
 j - a ring of protection from magic (left tentacle)
Scrolls
 f - 5 scrolls of identify {unknown}
 h - a scroll of random uselessness {unknown}
 i - a scroll of teleportation {unknown}
 k - 3 scrolls of remove curse {unknown}
 r - 2 scrolls of fear {unknown}
 t - 2 scrolls of enchant weapon {unknown}
Potions
 c - a potion of ambrosia {unknown}
 d - 3 potions of heal wounds {unknown}
 e - a potion of might {unknown}
 g - a potion of flight {unknown}
 l - a potion of curing {unknown}
 o - 2 potions of degeneration {unknown}
 s - a potion of lignification {unknown}
 w - a potion of cancellation {unknown}
Books
 a - a book of Flames

   Spells                             Type                      Level
   a - Flame Tongue                   Conjuration/Fire             1
   b - Throw Flame                    Conjuration/Fire             2
   c - Conjure Flame                  Conjuration/Fire             3
   d - Inner Flame                    Hexes/Fire                   3
   e - Sticky Flame                   Conjuration/Fire             4
   f - Fireball                       Conjuration/Fire             5
 n - a book of Minor Magic

   Spells                             Type                      Level
   a - Magic Dart                     Conjuration                  1
   b - Blink                          Translocation                2
   c - Call Imp                       Summoning                    2
   d - Slow                           Hexes                        2
   e - Conjure Flame                  Conjuration/Fire             3
   f - Mephitic Cloud                 Conjuration/Poison/Air       3
 q - a book of Changes

   Spells                             Type                      Level
   a - Beastly Appendage              Transmutation                1
   b - Sticks to Snakes               Transmutation                2
   c - Spider Form                    Transmutation/Poison         3
   d - Ice Form                       Ice/Transmutation            4
   e - Blade Hands                    Transmutation                5
Comestibles
 b - 5 bread rations
 m - 3 fruits
 p - 3 meat rations


   Skills:
 + Level 3.3 Dodging
 + Level 3.5 Stealth
 + Level 4.7 Spellcasting
 + Level 3.6 Conjurations
 + Level 4.2 Fire Magic


You had 5 spell levels left.
You knew the following spells:

 Your Spells              Type           Power        Failure   Level  Hunger
a - Flame Tongue          Conj/Fire      ###..        2%          1    None
b - Throw Flame           Conj/Fire      ###...       3%          2    #......
c - Magic Dart            Conj           ###.         2%          1    None
d - Mephitic Cloud        Conj/Pois/Air  #.......     22%         3    ##.....
e - Conjure Flame         Conj/Fire      ###.....     7%          3    ##.....


Dungeon Overview and Level Annotations

Branches:
Dungeon (5/15)
 Temple: D:4-7

Altars:
Ashenzari
Okawaru
Qazlal


Innate Abilities, Weirdness & Mutations

You cannot wear most types of armour.
You are very stealthy in the water. (Stealth+)
You are amphibious.
You can wear up to eight rings at the same time.
You can use your tentacles to constrict eight enemies at once.
Your skin changes colour to match your surroundings (Stealth+).
Your rubbery body absorbs attacks. (AC +1, EV +1)


Message History

The sky beast is almost dead.
The sky beast misses you.
Casting: Flame Tongue
Confirm with . or Enter, or press ? or * to list all spells.
Aiming: Flame Tongue
Press: ? - help, Shift-Dir - straight line, f/p - sky beast
Aim: a sky beast (almost dead)
The flame tongue hits the sky beast.
The sky beast appears unharmed.
The sky beast is almost dead.
The sky beast hits you.
* * * LOW HITPOINT WARNING * * *
The sky beast shocks you.
* * * LOW HITPOINT WARNING * * *
You hit the sky beast but do no damage.
The sky beast is almost dead.
The sky beast barely misses you.
You barely miss the sky beast.
The sky beast is severely wounded.
The sky beast hits you.
You die...

#.# #...... ###.# #..#.#.
#...# #..._.. #...# #####
#..#.#. #...# #...## ##.....
###.###....# #####.
#........# ## #######...#
#....Y@...# #### #.####.†..#
#.. #.# #....# #.#
#.#.##.#+######.#
#......)#.............#
#.......#.###..#......#
#.......+......#.##...#####.#
#.......#.###.....#.........#
#.......# #######.#.#######


You could see a sky beast.

Vanquished Creatures
  An ogre (D:5)
  A howler monkey (D:4)
  A crimson imp (D:5)
  2 hounds (D:3)
  2 orc wizards
  2 iguanas (D:5)
  A worker ant (D:5)
  A howler monkey skeleton (D:4)
  3 gnolls (D:4)
  7 adders
  An ooze (D:4)
  3 worms
  2 dart slugs
  4 leopard geckos
  9 orcs
  4 giant cockroaches
  5 goblins
  4 hobgoblins
  2 quokkas
  2 ball pythons
  4 bats
  3 frilled lizards
  8 kobolds
  4 rats
76 creatures vanquished.

Vanquished Creatures (others)
  2 orcs (D:3)
2 creatures vanquished.

Grand Total: 78 creatures vanquished

Notes
Turn   | Place    | Note
-------+----------+-------------------------------------------
     0 | D:1      | kibaces the Octopode Fire Elementalist began the quest for the Orb.
     0 | D:1      | Reached XP level 1. HP: 11/11 MP: 3/3
   696 | D:1      | Reached XP level 2. HP: 17/17 MP: 3/5
   703 | D:1      | Learned a level 2 spell: Throw Flame
  1637 | D:2      | Reached XP level 3. HP: 21/21 MP: 4/6
  2352 | D:2      | Reached XP level 4. HP: 25/27 MP: 2/7
  2717 | D:3      | Learned a level 1 spell: Magic Dart
  3106 | D:3      | Reached XP level 5. HP: 13/31 MP: 4/9
  3259 | D:3      | Found a shattered altar of Ashenzari.
  3707 | D:3      | Found a stormy altar of Qazlal.
  4790 | D:4      | Reached XP level 6. HP: 27/36 MP: 0/11
  5270 | D:4      | Learned a level 3 spell: Mephitic Cloud
  5274 | D:4      | Learned a level 3 spell: Conjure Flame
  5647 | D:5      | Entered Level 5 of the Dungeon
  5918 | D:5      | Found an iron altar of Okawaru.
  6289 | D:5      | Reached XP level 7. HP: 39/41 MP: 5/13
  6702 | D:5      | HP: 2/41 [sky beast (6)]
  6704 | D:5      | Slain by a sky beast

Vault maps used:
D:1:      dpeg_arrival_solitude, serial_forest, infiniplex_forest_lined_room_3,
          infiniplex_forest_lined_2, infiniplex_forest_fountain,
          infiniplex_forest_split, infiniplex_forest_lined_2,
          infiniplex_forest_clump_curved, infiniplex_forest_lined_room_
D:3:      cheibrodos_ashenzari_chains, grunt_qazlal_clouds, first_bread,
          grunt_ministairs_14, dk_noncrumbling_4, kennysheep_generic_room_7
D:5:      okawaru_metal_pillars_1_2

Skill      XL: |  1  2  3  4  5  6 |
---------------+-------------------+-----
Stealth        | 3 |  3.5
Dodging        | 3 |  3.3
Conjurations   | 2 3 |  3.6
Spellcasting   | 3 4 |  4.7
Fire Magic     | 4 |  4.2

Action                   |  1- 3 |  4- 6 |  7- 9 || total
-------------------------+-------+-------+-------++-------
Melee: Unarmed           |     4 |     3 |       ||     7
       Constrict         |     1 |     1 |       ||     2
       Tentacles         |     1 |       |       ||     1
       Dagger            |       |     1 |     4 ||     5
 Cast: Flame Tongue      |    55 |   101 |    13 ||   169
       Throw Flame       |     6 |     7 |     1 ||    14
       Magic Dart        |       |    52 |     3 ||    55
       Conjure Flame     |       |     1 |     1 ||     2
       Mephitic Cloud    |       |     1 |     1 ||     2
  Eat: Chunk             |     5 |    12 |     1 ||    18
Armor: Skin              |    28 |     4 |       ||    32
Dodge: Dodged            |    79 |    38 |     5 ||   122

Table legend:
 A = Spawn XP
 B = Non-spawn XP
 C = Spawn XP percentage of total XP
 D = Spawn monster count
 E = Non-spawn monster count
 F = Spawn count percentage of total count
 G = Total turns spent on level
                    A         B        C        D         E        F      G
               +---------+---------+-------+---------+---------+-------+---------
         Total |       0 |     788 |   0.0 |       0 |      76 |   0.0 |  6704
               +---------+---------+-------+---------+---------+-------+---------
           D:1 |       0 |      30 |   0.0 |       0 |      18 |   0.0 |  1577
           D:2 |       0 |      59 |   0.0 |       0 |      12 |   0.0 |  1096
           D:3 |       0 |     202 |   0.0 |       0 |      23 |   0.0 |  2058
           D:4 |       0 |     197 |   0.0 |       0 |      15 |   0.0 |   916
           D:5 |       0 |     300 |   0.0 |       0 |       8 |   0.0 |  1057
               +---------+---------+-------+---------+---------+-------+---------
